 Dungeon Crawl Stone Soup version 0.29.1-12-g30fa7ad0bf (webtiles) character file.

Game seed: 10127939515422489634

28304 cheesebisquit the Grappler (level 13, -2/131 HPs)
             Began as a Troll Fighter on Jan 17, 2023.
             Was an Elder of Wu Jian.
             Constricted to death by Jorgrun (4 damage)
             ... while petrified by Jorgrun
             ... on level 12 of the Dungeon.
             The game lasted 01:17:00 (14174 turns).

cheesebisquit the Grappler (Troll Fighter)         Turns: 14174, Time: 01:17:00

Health: -2/131     AC: 11    Str: 27    XL:     13   Next: 9%
Magic:  12/12      EV: -2    Int:  8    God:    Wu Jian [****..]
Gold:   675        SH:  0    Dex: 15    Spells: 6/12 levels left

rFire   . . .      SeeInvis .     - Unarmed
rCold   . . .      Faith    .   O - +1 kite shield {AC+3}
rNeg    + + +      Spirit   .   C - +1 steam dragon scales
rPois   ∞          Reflect  +   (helmet restricted)
rElec   .          Harm     .   (no cloak)
rCorr   .          Rampage  .   (gloves unavailable)
Will    .....                   (boots unavailable)
Stlth   +.........              w - amulet of reflection
HPRegen 1.11/turn               m - +6 ring of dexterity
MPRegen 0.13/turn               a - +4 ring of evasion

@: exhausted, petrified, grasped by roots, constricted, studying Necromancy
A: large, unfitting armour, claws 3, regeneration 1, shaggy fur 1, tough skin 1
a: Renounce Religion, Wall Jump, Serpent's Lash


You were on level 12 of the Dungeon.
You worshipped Wu Jian.
Wu Jian was greatly pleased with you.
You visited 2 branches of the dungeon, and saw 13 of its levels.
You also visited: Ossuary, Bailey and Ice Cave.

You collected 987 gold pieces.
You spent 312 gold pieces at shops.

Inventory:

Hand Weapons
 l - a +0 giant club
 F - a +1 morningstar of protection
Missiles
 b - 8 curare-tipped darts
 J - 11 poisoned darts
 M - 8 large rocks
Armour
 e - a +2 robe of fire resistance
 C - +1 steam dragon scales (worn)
 E - the +1 robe of Unes {Int+4}
   (You found it on level 7 of the Dungeon)

   Int:       It affects your intelligence (+4).
 O - a +1 kite shield of protection (worn)
Jewellery
 a - a +4 ring of evasion (right claw)
 m - a +6 ring of dexterity (left claw)
 n - an amulet of regeneration
 w - an amulet of reflection (around neck)
 I - a ring of magical power
 K - a ring of willpower
Wands
 c - a wand of polymorph (7)
 q - a wand of roots (13) (quivered)
 N - a wand of flame (16)
Scrolls
 d - 2 scrolls of poison
 g - a scroll of brand weapon
 h - 12 scrolls of teleportation
 k - 2 scrolls of torment
 o - a scroll of summoning {unknown}
 t - 4 scrolls of amnesia
 x - a scroll of fog {unknown}
 y - a scroll of blinking {unknown}
 B - a scroll of acquirement {unknown}
 G - 4 scrolls of vulnerability
 H - a scroll of enchant weapon
Potions
 i - 3 potions of lignification
 j - 4 potions of ambrosia
 r - 9 potions of curing
 s - 2 potions of mutation
 u - 2 potions of attraction
 z - 3 potions of flight
 A - 2 potions of brilliance


   Skills:
 + Level 9.2 Fighting
 + Level 7.7 Dodging
 + Level 10.0 Shields
 * Level 14.7 Unarmed Combat


You had 6 spell levels left.
You knew the following spells:

 Your Spells              Type           Power      Damage    Failure   Level
a - Statue Form           Tmut/Erth      0%         N/A       100%        6

Your spell library contained the following spells:

 Spells                   Type           Power      Damage    Failure   Level
 Freeze                   Ice            0%         1d3       63%         1
 Sandblast                Erth           0%         2d4       63%         1
 Summon Small Mammal      Summ           0%         N/A       63%         1
 Ensorcelled Hibernation  Hex/Ice        0%         N/A       77%         2
 Passwall                 Tmut/Erth      0%         N/A       77%         2
 Static Discharge         Conj/Air       0%         3-3/arc   77%         2
 Sublimation of Blood     Necr           0%         N/A       77%         2
 Wereblood                Tmut           0%         N/A       77%         2
 Call Canine Familiar     Summ           0%         N/A       94%         3
 Conjure Flame            Conj/Fire      0%         6-21      94%         3
 Frozen Ramparts          Ice            0%         1d1       94%         3
 Ignite Poison            Fire/Tmut/Pois 0%         N/A       94%         3
 Portal Projectile        Hex/Tloc       0%         N/A       94%         3
 Stone Arrow              Conj/Erth      0%         3d7       94%         3
 Summon Guardian Golem    Hex/Summ       0%         N/A       94%         3
 Swiftness                Air            0%         N/A       94%         3
 Animate Armour           Summ/Erth      0%         N/A       100%        4
 Ice Form                 Ice/Tmut       0%         N/A       100%        4
 Leda's Liquefaction      Hex/Erth       0%         N/A       100%        4
 Sticky Flame             Conj/Fire      0%         2d3       100%        4
 Lee's Rapid Deconstruct  Erth           0%         3d5*      100%        5
 Lightning Bolt           Conj/Air       0%         1d11      100%        5
 Conjure Ball Lightning   Conj/Air       0%         3x3d6     100%        6
 Simulacrum               Ice/Necr       0%         N/A       100%        6
 Malign Gateway           Summ/Tloc      0%         N/A       100%        7
 Summon Hydra             Summ           0%         N/A       100%        7
 Discord                  Hex            0%         N/A       100%        8
 Disjunction              Tloc           0%         N/A       100%        8
 Lehudib's Crystal Spear  Conj/Erth      0%         10d2      100%        8
 Maxwell's Capacitive Co  Air            0%         ∞         100%        8
 Summon Horrible Things   Summ           0%         N/A       100%        8


Dungeon Overview and Level Annotations

Branches:
Dungeon (12/15)            Temple (1/1) D:4            Lair (0/5) D:11
    Orc (0/2) D:10        Ossuary (visited)          Bailey (visited)
  IceCv (visited)

Altars:
Ashenzari
Cheibriados
Dithmenos
Elyvilon
Fedhas
Gozag
Hepliaklqana
Kikubaaqudgha
Makhleb
Nemelex Xobeh
Okawaru
Qazlal
Ru
Sif Muna
Trog
Uskayaw
Vehumet
Wu Jian
Xom
Yredelemnul
Zin
The Shining One

Shops:
D:1 [!(   D:2 :   D:11 [   D:12 [

Annotations:
D:6 2 transporters, SirLogeyBear's ghost, novice HOBe
D:12 Jorgrun


Innate Abilities, Weirdness & Mutations

You are too large for most types of armour.
You have claws for hands.
Your natural rate of healing is unusually fast.
You are covered in fur. (AC +1)
You have tough skin. (AC +1)


Message History

Jorgrun hits you with a +0 vorpal quarterstaff!
Jorgrun gestures next to you while chanting.
Some rock shatters into small pieces.
An enormous slime creature splits.
Your limbs are stiffening.
Okay, then.
Okay, then.
Okay, then.
You feel much better.
You block the large slime creature's attack.
Jorgrun hits you with a +0 vorpal quarterstaff.
The large slime creature barely misses you.
You have turned to stone.
A large slime creature splits.
Jorgrun hits you with a +0 vorpal quarterstaff!!
A large slime creature splits.
The slime creature hits you! Jorgrun gestures at you while chanting.
Roots burst forth from the earth!
The grasping roots grab you! The grasping roots constrict you!
Two slime creatures merge to form a large slime creature.
The slime creature hits you. x3
Jorgrun hits you with a +0 vorpal quarterstaff.
The grasping roots constrict you!
* * * LOW HITPOINT WARNING * * *
The slime creature hits you but does no damage. x3
Jorgrun points at you and mumbles some strange words.
The iron shot hits you!!
* * * LOW HITPOINT WARNING * * *
The grasping roots constrict you!
* * * LOW HITPOINT WARNING * * *
The slime creature hits you!
* * * LOW HITPOINT WARNING * * *
The slime creature hits you!
* * * LOW HITPOINT WARNING * * *
The slime creature hits you!
* * * LOW HITPOINT WARNING * * *
The large slime creature completely misses you.
Jorgrun hits you but does no damage. The grasping roots constrict you!
You die...

,.............#
,.............#######
.............<......#
.....#...g..#######.#
,J...#......#.,..##.###
,.......[...#.*#.##...#
,...........#.*#.####.#******
,....###......##JJ..#.#,,,,,*
*###.*##.......J@.#.#.#,***,*
#,,.......#.gJ.....#,* *,*
***#......##.#.#..##,* *,*
#......#....#..#*,* *,*
###....#'#..#..#*,* *,*
#.............#*,***,*
#.........##.##*,,,*,*
#.........##.#****,*,*
******##...>.....##..,,,,,*,*


You could see Jorgrun, a large slime creature and 3 slime creatures.

Vanquished Creatures
  A hydra (D:12)
  2 boulder beetles
  3 two-headed ogres (D:12)
  Sonja (D:11)
  3 sixfirhies
  An orc knight (Bailey)
  A deep elf pyromancer (Bailey)
  Pikel (D:9)
  A necromancer (IceCv)
  2 ugly things
  A cyclops (D:11)
  A gargoyle (D:12)
  An ice statue (IceCv)
  An anaconda simulacrum (IceCv)
  15 ice devils (IceCv)
  5 trolls
  A slime creature (D:12)
  Prince Ribbit (D:7)
  Sigmund (D:3)
  3 shadows
  A dire elephant simulacrum (IceCv)
  2 wyverns
  25 yaks
  2 vampires (D:12)
  4 steam dragons
  5 death yak simulacra (IceCv)
  2 wraiths (D:12)
  4 vampire mosquitoes (D:11)
  2 wargs (D:11)
  2 harpy simulacra (IceCv)
  An acid dragon (D:11)
  2 water moccasins
  3 hydra simulacra (IceCv)
  10 orc warriors
  2 ogres
  The ghost of middlethird the Cudgeller, an amateur MeFi (D:4)
  A black bear (D:6)
  14 centaurs
  3 phantoms
  A kobold brigand (D:8)
  A gnoll sergeant (D:7)
  A two-headed ogre simulacrum (D:12)
  2 bullfrogs
  3 scorpions
  4 cane toad simulacra (IceCv)
  3 water moccasin zombies (Ossuary)
  9 wights
  5 elephant simulacra
  7 electric eels (D:10)
  3 hounds
  2 quasits (D:11)
  6 orc priests
  2 gnoll boudas
  Jessica (D:3)
  Natasha (thrice) (D:4)
  Terence (D:3)
  5 iguanas
  13 orc wizards
  A spriggan simulacrum (D:12)
  5 troll simulacra
  3 wolf simulacra (IceCv)
  5 polar bear simulacra (IceCv)
  2 mummies (Ossuary)
  Robin (D:2)
  14 gnolls
  8 adders
  3 naga simulacra
  A shadow imp (D:8)
  A white imp (IceCv)
  4 ufetubi
  7 adder zombies (Ossuary)
  2 worms (D:5)
  5 dart slugs
  45 orcs
  9 ball pythons
  6 endoplasms
  5 giant cockroaches
  22 goblins
  15 hobgoblins
  5 jackals (D:1)
  14 kobolds
  4 quokkas
  5 bats
  2 frilled lizards (D:3)
  5 gnoll zombies (Ossuary)
  4 hobgoblin zombies (Ossuary)
  5 kobold zombies (Ossuary)
  4 orc zombies (Ossuary)
  A rat (D:1)
417 creatures vanquished.

Vanquished Creatures (others)
  5 demonic plants (D:11)
5 creatures vanquished.

Grand Total: 422 creatures vanquished

Notes
Turn   | Place    | Note
-------+----------+-------------------------------------------
     0 | D:1      | cheesebisquit the Troll Fighter began the quest for the
                  | Orb.
     0 | D:1      | Reached XP level 1. HP: 22/22 MP: 0/0
    26 | D:1      | Reached XP level 2. HP: 29/29 MP: 1/1
   217 | D:1      | Found Naghimmod's Distillery.
   357 | D:1      | Reached XP level 3. HP: 36/36 MP: 2/2
   489 | D:1      | Found Kolod's Weapon Emporium.
   637 | D:1      | Found Kijulax's Armour Shop.
   720 | D:2      | Noticed Robin
   744 | D:2      | Reached skill level 3 in Unarmed Combat
   772 | D:2      | Killed Robin
   832 | D:2      | Reached XP level 4. HP: 44/44 MP: 3/3
   845 | D:2      | Found Avvaag's Book Boutique.
   910 | D:2      | Found a faded altar of an unknown god.
  1285 | D:3      | Noticed Jessica
  1296 | D:3      | Killed Jessica
  1297 | D:3      | Reached XP level 5. HP: 53/53 MP: 4/4
  1405 | D:3      | Noticed Sigmund
  1465 | D:3      | Reached skill level 4 in Unarmed Combat
  1547 | D:3      | Found a burning altar of Makhleb.
  1579 | D:3      | Found a hide-covered altar of Uskayaw.
  1589 | D:3      | Noticed Terence
  1643 | D:3      | Killed Terence
  1916 | D:3      | Killed Sigmund
  1917 | D:3      | Reached skill level 5 in Unarmed Combat
  1917 | D:3      | Reached XP level 6. HP: 38/62 MP: 5/5
  2534 | D:1      | Bought a potion of heal wounds for 50 gold pieces
  2534 | D:1      | Bought 2 potions of curing for 60 gold pieces
  2640 | D:4      | Found a runed translucent door.
  2640 | D:4      | Noticed middlethird's ghost (amateur MeFi)
  2916 | D:4      | Found a snail-covered altar of Cheibriados.
  3066 | D:4      | Noticed Natasha
  3073 | D:4      | Killed Natasha
  3074 | D:4      | Reached XP level 7. HP: 61/68 MP: 6/6
  3222 | D:4      | Noticed Natasha
  3235 | D:4      | Killed Natasha
  3270 | D:4      | Found a staircase to the Ecumenical Temple.
  3284 | Temple   | Entered the Ecumenical Temple
  3311 | Temple   | Became a worshipper of the Wu Jian Council
  3510 | D:4      | Noticed Natasha
  3514 | D:4      | Killed Natasha
  3519 | D:5      | Entered Level 5 of the Dungeon
  3670 | D:5      | Found a radiant altar of Vehumet.
  3752 | D:5      | Reached skill level 6 in Unarmed Combat
  4484 | D:6      | Reached skill level 5 in Shields
  4484 | D:6      | Reached XP level 8. HP: 72/79 MP: 7/7
  4489 | D:6      | Noticed a white ugly thing
  4514 | D:6      | Killed a white ugly thing
  4515 | D:6      | Reached skill level 5 in Fighting
  4515 | D:6      | Reached skill level 7 in Unarmed Combat
  4568 | D:6      | Reached skill level 8 in Unarmed Combat
  4694 | D:6      | Reached * piety under Wu Jian
  4714 | D:6      | Reached XP level 9. HP: 88/88 MP: 8/8
  4866 | D:6      | Found a shadowy altar of Dithmenos.
  4937 | D:6      | Noticed a queen bee
  4962 | D:6      | Found a transporter.
  4967 | D:6      | Found a transporter.
  5021 | D:6      | Reached skill level 9 in Unarmed Combat
  5120 | D:6      | Noticed SirLogeyBear's ghost (novice HOBe)
  5424 | D:7      | Found a flagged portal.
  5459 | Bailey   | Entered a bailey
  5517 | Bailey   | Noticed an orc knight
  5547 | Bailey   | Reached ** piety under Wu Jian
  5553 | Bailey   | Found a large runed translucent door.
  5553 | Bailey   | Found a large runed translucent door.
  5556 | Bailey   | Noticed a deep elf pyromancer
  5599 | Bailey   | Killed an orc knight
  5600 | Bailey   | Reached skill level 10 in Unarmed Combat
  5779 | Bailey   | Killed a deep elf pyromancer
  5780 | Bailey   | Reached XP level 10. HP: 100/100 MP: 9/9
  5797 | Bailey   | Learned a level 6 spell: Statue Form
  5799 | Bailey   | Identified the +1 pair of gloves of Rationality {rCorr
                  | Dex+4 Slay+3}
  5881 | D:7      | Identified the +1 robe of Unes {Int+4}
  6250 | D:7      | Found a sparkling altar of Nemelex Xobeh.
  6479 | D:4      | Killed middlethird's ghost
  6677 | D:8      | Found a transporter.
  6679 | D:8      | Found a transporter.
  6679 | D:8      | Found a transporter.
  6714 | D:8      | Noticed Prince Ribbit
  6745 | D:7      | Killed Prince Ribbit
  6861 | D:8      | Found a sand-covered staircase.
  6866 | Ossuary  | Entered an ossuary
  6893 | Ossuary  | Reached *** piety under Wu Jian
  7428 | D:8      | Reached skill level 11 in Unarmed Combat
  7726 | D:8      | Found a transporter.
  8388 | D:9      | Noticed Pikel
  8405 | D:9      | Killed Pikel
  8406 | D:9      | Reached skill level 5 in Dodging
  8505 | D:9      | Reached **** piety under Wu Jian
  9047 | D:9      | Reached XP level 11. HP: 103/109 MP: 10/10
  9077 | D:10     | Entered Level 10 of the Dungeon
  9263 | D:10     | Found a staircase to the Orcish Mines.
  9650 | D:10     | Found an iron altar of Okawaru.
  9708 | D:10     | Reached skill level 12 in Unarmed Combat
 10362 | D:11     | Noticed a sixfirhy
 10506 | D:11     | Noticed a boulder beetle
 10642 | D:10     | Killed a sixfirhy
 10750 | D:11     | Noticed Sonja
 10757 | D:11     | Killed Sonja
 10902 | D:11     | Killed a boulder beetle
 11078 | D:11     | Noticed a sixfirhy
 11095 | D:11     | Killed a sixfirhy
 11275 | D:11     | Reached skill level 13 in Unarmed Combat
 11361 | D:11     | Found a staircase to the Lair.
 11399 | D:11     | Noticed a sixfirhy
 11411 | D:11     | Killed a sixfirhy
 11412 | D:11     | Reached XP level 12. HP: 79/120 MP: 11/11
 11527 | D:11     | Found Hororuaw's Antique Armour Shoppe.
 11535 | D:11     | Bought a shiny kite shield for 202 gold pieces
 12103 | D:12     | Noticed a two-headed ogre
 12110 | D:12     | Killed a two-headed ogre
 12127 | D:12     | Found Vaevofiz's Antique Armour Emporium.
 12235 | D:12     | Found a frozen archway.
 12239 | D:12     | Reached ***** piety under Wu Jian
 12246 | D:12     | Noticed Jorgrun
 12263 | IceCv    | Entered an ice cave
 12642 | IceCv    | Found an ancient bone altar of Kikubaaqudgha.
 13019 | IceCv    | Reached skill level 14 in Unarmed Combat
 13655 | IceCv    | Got the Compendium of Firn
 13879 | D:12     | Noticed a two-headed ogre
 13884 | D:12     | Killed a two-headed ogre
 13956 | D:12     | Noticed a boulder beetle
 13968 | D:12     | Killed a boulder beetle
 13969 | D:12     | Reached skill level 10 in Shields
 13969 | D:12     | Reached XP level 13. HP: 127/131 MP: 12/12
 14173 | D:12     | HP: 1/131 [slime creature (7)]
 14174 | D:12     | Constricted to death by Jorgrun

Illustrated notes

Levels and vault maps discovered:
D:1:      amcnicky_arrival_feature_with_door, layout_loops_ring, serial_shops,
          shop, nicolae_shop_trees, nicolae_square_shop
D:2:      layout_rooms, serial_shops, shop,
          ebering_ecumenical_altar_sacrificial, uniq_robin
D:3:      minmay_general_purpose_star, layout_rooms,
          nicolae_overflow_hidden_temple, serial_co_window_serial,
          co_window_paths_a, co_window_paths_a, co_window_paths_a,
          co_window_paths_a, co_window_paths_a, co_window_broadway_a,
          co_window_broadway_a, co_window_2corner, co_window_broadway_b,
          co_window_of_opportunity_b, co_window_2corner, co_window_4corner_a,
          glass_columns_a, glass_columns_a, minmay_misc_feat_chi, uniq_sigmund,
          uniq_jessica, uniq_terence
D:4:      layout_loops_ring, kennysheep_slug_shrine, temple_hall,
          hellmonk_ghost_happy_afterlife, uniq_natasha
D:5:      layout_cave_pods, mainiacjoe_overflow_small_starburst, minivault_27
D:6:      minmay_opposing_rooms, layout_rooms, nicolae_overflow_crystal_walls,
          gammafunk_ghost_hive, minmay_pentangle
D:7:      layout_rooms, nemelex_diamond_rough_becter, enter_bailey_3,
          columned_hall_lemuel
D:8:      layout_layer_cave, enter_ossuary_2, nicolae_diode_intersection,
          uniq_prince_ribbit1
D:9:      layout_long_grid, uniq_pikel
D:10:     layout_basic, mainiacjoe_overflow_surrounded_room, orc_0_dummy,
          minmay_holes
D:11:     layout_layer_cave, erik_lair_orcish_takeover, serial_demonic,
          serial_demonic_b, serial_demonic_f, serial_demonic_f,
          serial_demonic_g, serial_shops, shop, hex_tiny,
          kennysheep_small_spiral, uniq_sonja
D:12:     minmay_the_grid_4x2 [minmay_the_grid_minigrid_small_alt,
          minmay_the_grid_medium_cups, minmay_the_grid_large_cup,
          minmay_the_grid_x, minmay_the_grid_minigrid_medium,
          minmay_the_grid_doors, minmay_the_grid_empty,
          minmay_the_grid_prize_diamond_cup], layout_basic,
          portal_ice_cave_entry_ice_simulacra, serial_shops,
          nicolae_shop_hallway_stairs, minmay_misc_feat_plants, uniq_jorgrun
Temple:   hellmonk_temple_of_storms

Skill      XL: |  1  2  3  4  5  6  7  8  9 10 11 12 |
---------------+-------------------------------------+-----
Shields        | 3 4 5 6 7 9 10 | 10.0
Unarmed Combat | 3 5 6 8 10 11 13 14 | 14.7
Fighting       | 3 4 5 6 7 8 9 |  9.2
Dodging        | 4 5 6 7 |  7.7

Action                   |  1- 3 |  4- 6 |  7- 9 | 10-12 | 13-15 || total
-------------------------+-------+-------+-------+-------+-------++-------
Melee: Unarmed           |   113 |   152 |   247 |   794 |    20 ||  1326
       Morningstar       |       |       |       |       |     7 ||     7
Invok: Lunge             |       |       |    30 |    80 |     4 ||   114
       Whirlwind         |       |       |     3 |    23 |     1 ||    27
       Serpent's Lash    |       |       |       |     5 |     2 ||     7
       Heavenly Storm    |       |       |       |       |     1 ||     1
 Abil: Wall Jump         |       |       |       |     5 |       ||     5
Evoke: Wand              |       |       |     1 |     8 |       ||     9
  Use: Potion            |       |     1 |    11 |     8 |     1 ||    21
       Scroll            |       |     4 |     6 |    22 |     1 ||    33
 Stab: Sleeping          |       |     3 |     1 |     2 |       ||     6
       Invisible         |       |       |       |    10 |       ||    10
Armor: Robe              |    27 |       |       |       |       ||    27
       Animal skin       |       |    13 |    15 |       |       ||    28
       Steam dragon scal |       |       |     1 |    93 |    19 ||   113
Dodge: Dodged            |    32 |    45 |   103 |   263 |    59 ||   502
Block: Kite shield       |    44 |    39 |   154 |   518 |    42 ||   797
       Reflection        |       |       |     1 |    39 |       ||    40
